 Dungeon Crawl Stone Soup version 0.31.0-32-g396128a36d (webtiles) character file.

Game seed: 12311787234941074824

69 TacoSundae the Ruffian (level 4, 0/28 HPs)
             Began as an Octopode Shapeshifter on Apr 10, 2024.
             Slain by a gnoll
             ... wielding a +2 spear of venom
              (9 damage)
             ... on level 2 of the Dungeon.
             The game lasted 00:03:19 (1210 turns).

TacoSundae the Ruffian (Octopode Shapeshifter)      Turns: 1210, Time: 00:03:20

Health: 0/28       AC:  1    Str: 15    XL:     4   Next: 20%
Magic:  4/4        EV: 13    Int: 12    God:
Gold:   24         SH:  0    Dex: 11    Spells: 3/3 levels left

rFire   . .          .
                       - Unarmed
rCold   . . .        (no shield)
rNeg    . . .        (helmet currently unavailable)
rPois   .            (no amulet)
rElec   .            h - ring of wizardry
rCorr   .            (no ring)
SInv    .            (no ring)
Will    .....        (no ring)
Stlth   ++           (no ring)
HPRegen 0.24/turn    (no ring)
MPRegen 0.09/turn    (no ring)
                     (no ring)

%: wizardry (x1)
@: lethally poisoned (0 -> -10), beast-form
A: beast (slay +2), almost no armour, amphibious, 8 rings, camouflage 1,
gelatinous body 1, (nimble swimmer 1), tentacles
a: Begin Untransformation


You were on level 2 of the Dungeon.
You were a hulking beast.
You visited 1 branch of the dungeon, and saw 2 of its levels.

You collected 89 gold pieces.
You spent 65 gold pieces at shops.

Inventory:

Jewellery
 h - a ring of wizardry (left tentacle)
Talismans
 b - a beast talisman
 c - a flux talisman
Scrolls
 f - 2 scrolls of noise {unknown}
 i - a scroll of enchant armour {unknown}
 j - 3 scrolls of teleportation
 k - a scroll of blinking {unknown}
 l - 2 scrolls of identify
Potions
 a - 2 potions of lignification
 d - a potion of brilliance {unknown}
 e - a potion of heal wounds {unknown}
 g - a potion of enlightenment {unknown}


   Skills:
 - Level 1.0 Fighting
 - Level 2.0 Dodging
 + Level 4.0 Unarmed Combat
 + Level 3.9 Shapeshifting


You had 3 spell levels left.
You didn't know any spells.
Your spell library contained the following spells:

 Spells                   Type           Power      Damage    Failure   Level
 Sublimation of Blood     Necr           0%         N/A       21%         2
 Petrify                  Alch/Erth      0%         N/A       75%         4
 Irradiate                Conj/Alch      0%         3d11      97%         5


Dungeon Overview and Level Annotations

Branches:
Dungeon (2/15)

Altars:

Shops:
D:2 ?


Innate Abilities, Weirdness & Mutations

You are a hulking beast.
Your limbs bulge with bestial killing power. (Slay +2)
You cannot wear most types of armour.
You are amphibious.
You can wear up to eight rings at the same time.
Your skin changes colour to match your surroundings (Stealth+).
Your rubbery body absorbs attacks. (AC +1, EV +1)
((You are camouflaged when in or above water. (Stealth+)))
You have tentacles for arms and can constrict up to eight enemies at once.


Message History

Your movement speed is average.
Your attack delay is about 0.9.
Your damage rating with unarmed combat is about 10 (Base [3 + 4 (UC)] x 112% (Str) x 101% (Fight) + 2 (Slay)).
j - 2 scrolls labelled LEMMAU ZIN GEWITRA (gained 1)
A giant cockroach comes into view.
The helpless giant cockroach fails to defend itself.
You tentacle-slap the giant cockroach but do no damage.
Your grab misses the giant cockroach. You squeeze the giant cockroach.
You kill the giant cockroach!
No target in view!
You open the door.
Found Neist's Magic Scroll Emporium.
No target in view!
There is an open door here.
There is an entrance to Neist's Magic Scroll Emporium here.
l - 2 scrolls of identify (gained 1)
j - 3 scrolls of teleportation (gained 1) Thank you for shopping at Neist's Magic Scroll Emporium!
Unknown command.
As you open the door, it creaks loudly!
You open the door.
There is an open door here.
There is a fountain of clear blue water here.
You open the door.
There is an open door here.
Found a stone staircase leading up.
A gnoll comes into view. It is wielding a +2 spear of venom.
The gnoll shouts!
You hear a shout!
The gnoll hits you from afar with a +2 spear of venom!
A kobold comes into view. It is wielding a +0 short sword.
Found 3 stones.
The gnoll hits you with a +2 spear of venom.
You are lethally poisoned!
There is a stone staircase leading down here.
You are too injured to fight recklessly!
You barely miss the gnoll. You grab the gnoll. You squeeze the gnoll.
The gnoll is moderately wounded.
You constrict the gnoll, but do no damage.
You feel very sick.
The gnoll hits you with a +2 spear of venom!
You die...

.รท.......# #.# #.#
.#####.### #.# #.#
.# #.# #.# #.# .#
#.# #.######## .#
#.#### #.........
.# #....# #..######
)# ####.####...##
.# ##.....##....#
.# #......###.h##
.#
#...........g.K..(.
.#
#......###..#####..
.# #.....# #..# .#
#.#<### #..# .#
#.#........#
.######.########.#
........# #.#
#########


You could see a gnoll and a kobold.

Vanquished Creatures
  2 gnolls (D:2)
  2 adders (D:2)
  3 endoplasms
  2 giant cockroaches (D:2)
  4 goblins (D:1)
  2 hobgoblins (D:1)
  4 jackals (D:1)
  A quokka (D:1)
  3 ball pythons
  3 bats
  A frilled lizard (D:1)
  2 kobolds (D:1)
  2 rats (D:1)
31 creatures vanquished.

Notes
Turn   | Place    | Note
-------+----------+-------------------------------------------
     0 | D:1      | TacoSundae the Octopode Shapeshifter began the quest for
                  | the Orb.
     0 | D:1      | Reached XP level 1. HP: 13/13 MP: 1/1
    20 | D:1      | Found a faded altar of an unknown god.
   266 | D:1      | Reached XP level 2. HP: 18/18 MP: 2/2
   695 | D:2      | Reached XP level 3. HP: 17/23 MP: 3/3
   815 | D:2      | Reached skill level 4 in Unarmed Combat
   815 | D:2      | Reached XP level 4. HP: 7/28 MP: 4/4
  1119 | D:2      | Found Neist's Magic Scroll Emporium.
  1124 | D:2      | Bought a scroll of identify for 26 gold pieces
  1124 | D:2      | Bought a scroll of teleportation for 39 gold pieces
  1210 | D:2      | Slain by a gnoll

Illustrated notes

Levels and vault maps discovered:
D:1:      tarquinn_simple_flora_water_b, layout_loops_cross,
          hellmonk_ecumenical_altar_run_dry
D:2:      layout_loops_ring, serial_shops, shop, nicolae_shop_rolling_square,
          shop

Skill      XL: |  1  2  3 |
---------------+----------+-----
Unarmed Combat | 4 |  4.0
Fighting       | |  1.0
Dodging        | |  2.0
Shapeshifting  | |  3.9

Action                     |  1- 3 |  4- 6 || total
---------------------------+-------+-------++-------
  Melee: Unarmed           |    54 |    11 ||    65
         Constrict         |    13 |     2 ||    15
         Tentacles         |    12 |     2 ||    14
         Punch             |     1 |       ||     1
   Stab: Sleeping          |     7 |     1 ||     8
 Armour: Skin              |    13 |    10 ||    23
  Dodge: Dodged            |    24 |     7 ||    31
